 Dungeon Crawl Stone Soup version 0.19.5 (webtiles) character file.

60 Kalash the Cudgeler (level 3, -2/29 HPs)
             Began as a Demonspawn Abyssal Knight on Mar 21, 2017.
             Was a Follower of Lugonu.
             Slain by a hound (3 damage)
             ... on level 4 of the Dungeon.
             The game lasted 00:04:02 (1586 turns).

Kalash the Cudgeler (Demonspawn Abyssal Knight)     Turns: 1586, Time: 00:04:03

Health: -2/29      AC:  5    Str: 13    XL:     3   Next: 80%
Magic:  4/4        EV: 10    Int: 13    God:    Lugonu [*.....]
Gold:   30         SH:  0    Dex: 12    Spells: 0 memorised, 2 levels left

rFire  . . .     SeeInvis .     a - +1 mace
rCold  . . .     Gourm    +     g - +0 ring mail
rNeg   . . .     Faith    .     (no shield)
rPois  .         Spirit   .     (no helmet)
rElec  .         Reflect  .     (no cloak)
rCorr  .         Harm     .     (no gloves)
MR     .....                    (no boots)
Stlth  ..........               e - amulet of the gourmand
                                (no ring)
                                k - +4 ring of slaying

@: no status effects
A: hooves 1
a: Depart the Abyss, Renounce Religion


You were on level 4 of the Dungeon.
You worshipped Lugonu.
Lugonu was aware of your devotion.
You were hungry.

You visited 1 branch of the dungeon, and saw 4 of its levels.
You visited the Abyss 1 time.

You collected 30 gold pieces.

Inventory:

Hand Weapons
 a - a +1 mace (weapon)
Armour
 b - a +0 leather armour
 g - a +0 ring mail (worn)
Jewellery
 e - an amulet of the gourmand (around neck)
 k - a +4 ring of slaying (left hand)
Scrolls
 d - 3 scrolls of identify {unknown}
 n - a scroll of remove curse {unknown}
Potions
 f - a potion of heal wounds {unknown}
 h - a potion of curing {unknown}
 i - a potion of degeneration {unknown}
 m - a potion of flight {unknown}
Comestibles
 c - 4 bread rations
 j - 2 meat rations
 l - a fruit


   Skills:
 - Level 3.0 Fighting
 + Level 3.8 Maces & Flails
 - Level 1.7 Armour
 - Level 0.8 Dodging
 - Level 2.4 Invocations


You had 2 spell levels left.
You didn't know any spells.

Dungeon Overview and Level Annotations

Branches:
Dungeon (4/15)
 Temple: D:4-7

Altars:


Innate Abilities, Weirdness & Mutations

You have large cloven feet.


Message History

You climb downwards.
There is a stone staircase leading up here.
The gnoll hits you from afar with a spear.
* * * LOW HITPOINT WARNING * * *
The gnoll hits you but does no damage.
Found an escape hatch in the floor.
Found a stone staircase leading down.
There is an escape hatch in the floor here.
The gnoll hits you from afar with a spear.
* * * LOW HITPOINT WARNING * * *
You slide downwards.
The hatch slams shut behind you.
A hound comes into view.
Found a translucent hunting sling, 15 gold pieces and a ring mail.
Found an escape hatch in the floor.
Found a stone staircase leading up and a stone staircase leading down.
The hound pauses to sniff the ground.
The hound bites you but does no damage.
You barely miss the hound.
You are feeling hungry.
The hound bites you.
You die...

#[.......
##....$...
#...>.....
##.........
#..........
##.#...<....
##.......)...
#@h..........
#..###.........
#..# ##...>....
#..# #........
#.## ##.......
.. ....... .
#..#... #.##..


You could see a hound.

Vanquished Creatures
  An adder (D:2)
  An ooze (D:1)
  A dart slug (D:2)
  A leopard gecko (D:3)
  3 giant cockroaches (D:1)
  8 goblins
  3 hobgoblins
  3 jackals (D:1)
  6 bats
  4 frilled lizards (D:2)
  4 kobolds
  7 rats
42 creatures vanquished.

Notes
Turn   | Place    | Note
-------+----------+-------------------------------------------
     0 | Abyss:1  | Kalash the Demonspawn Abyssal Knight began the quest for the Orb.
     0 | Abyss:1  | Reached XP level 1. HP: 18/18 MP: 2/2
     0 | D:1      | Escaped the Abyss
   303 | D:1      | Reached * piety under Lugonu
   403 | D:1      | Gained mutation: You have large cloven feet. [demonic ancestry]
   403 | D:1      | Reached XP level 2. HP: 23/24 MP: 3/3
   880 | D:1      | Reached XP level 3. HP: 25/29 MP: 4/4
  1580 | D:3      | HP: 1/29 [gnoll/spear (5)]
  1586 | D:4      | Slain by a hound

Skill      XL: |  1  2 |
---------------+-------+-----
Maces & Flails | 2 3 |  3.8
Fighting       | |  3.0
Armour         | |  1.7
Dodging        | |  0.8
Invocations    | |  2.4

Action                   || total
-------------------------++-------
Melee: Mace              ||    92
       Kick              ||    12
Invok: Depart the Abyss  ||     1
  Eat: Fruit             ||     2
Armor: Leather armour    ||    14
       Ring mail         ||    15
Dodge: Dodged            ||    64
